 Dungeon Crawl Stone Soup version 0.28-a0-1555-g9ae15a6949 (webtiles) character file.

Game seed: 6470797504697904199

5940 buddhastalin the Fighter (level 11, -1/69 HPs)
             Began as a Kobold Fighter on Jan 19, 2022.
             Was a Follower of Makhleb.
             Slain by a gnoll (9 damage)
             ... on level 10 of the Dungeon.
             The game lasted 00:19:05 (12372 turns).

buddhastalin the Fighter (Kobold Fighter)          Turns: 12372, Time: 00:19:06

Health: -1/69      AC: 17    Str: 23    XL:     11   Next: 9%
Magic:  14/14      EV: 12    Int:  9    God:    Makhleb [*.....]
Gold:   566        SH:  0    Dex: 16    Spells: 10/10 levels left

rFire   + . .      SeeInvis .   b - +4 demon trident (freeze)
rCold   + + .      Faith    .   (shield currently unavailable)
rNeg    . . .      Spirit   .   k - +3 ring mail {rC+}
rPois   +          Reflect  .   (no helmet)
rElec   +          Harm     .   G - +1 cloak {rCorr}
rCorr   +          Rampage  .   (no gloves)
Will    .....                   s - +0 pair of boots
Stlth   ++........              (no amulet)
HPRegen 0.21/turn               g - +4 ring of protection
MPRegen 0.14/turn               o - +6 ring of strength

@: mighty, resistant
A: small, no large weapons, nightstalker 3
a: Renounce Religion


You were on level 10 of the Dungeon.
You worshipped Makhleb.
Makhleb was aware of your devotion.
You visited 2 branches of the dungeon, and saw 11 of its levels.

You collected 764 gold pieces.
You spent 198 gold pieces at shops.

Inventory:

Hand Weapons
 a - a +0 rapier
 b - a +4 demon trident of freezing (weapon)
Missiles
 v - 6 poisoned darts (quivered)
 I - a throwing net
Armour
 c - a +0 buckler
 k - a +3 ring mail of cold resistance (worn)
 s - a +0 pair of boots (worn)
 G - a +1 cloak of preservation (worn)
Jewellery
 g - a +4 ring of protection (left hand)
 l - a ring of see invisible
 o - a +6 ring of strength (right hand)
 y - a ring of flight
Wands
 f - a wand of polymorph (10)
 u - a wand of iceblast (9)
 z - a wand of flame (20)
 E - a wand of paralysis (5)
Scrolls
 d - a scroll of magic mapping {unknown}
 i - a scroll of identify
 j - 3 scrolls of teleportation
 m - 2 scrolls of noise {unknown}
 n - 2 scrolls of fog {unknown}
 p - 2 scrolls of vulnerability {unknown}
 q - 2 scrolls of enchant weapon {unknown}
 t - 5 scrolls of fear {unknown}
 w - a scroll of amnesia
 A - a scroll of brand weapon {unknown}
 F - 2 scrolls of blinking {unknown}
Potions
 h - 2 potions of mutation
 r - 2 potions of brilliance
 x - a potion of cancellation
Miscellaneous
 D - a box of beasts
 H - a condenser vane


   Skills:
 + Level 8.9 Fighting
 - Level 6.2 Short Blades
 * Level 8.1 Polearms
 + Level 6.8 Armour
 - Level 3.5 Shields
 + Level 4.5 Invocations


You had 10 spell levels left.
You didn't know any spells.
Your spell library contained the following spells:

 Spells                   Type           Power      Damage    Failure   Level
 Animate Skeleton         Necr           0%         N/A       52%         1
 Pain                     Necr           0%         1d4       52%         1
 Shock                    Conj/Air       0%         1d3       52%         1
 Confusing Touch          Hex            0%         N/A       87%         3
 Frozen Ramparts          Ice            0%         1d2       87%         3
 Swiftness                Air            0%         N/A       87%         3
 Tukima's Dance           Hex            0%         N/A       87%         3
 Vampiric Draining        Necr           0%         2d6       87%         3
 Airstrike                Air            0%         N/A       99%         4
 Ice Form                 Ice/Tmut       0%         N/A       99%         4
 Passage of Golubria      Tloc           0%         N/A       99%         4
 Summon Ice Beast         Ice/Summ       0%         N/A       99%         4
 Yara's Violent Unravell  Hex/Tmut       0%         3d3       100%        5
 Enfeeble                 Hex            0%         N/A       100%        7


Dungeon Overview and Level Annotations

Branches:
Dungeon (10/15)            Temple (1/1) D:5
   Lair: D:8-11         Orc: D:9-12

Altars:
Ashenzari
Cheibriados
Dithmenos
Elyvilon
Fedhas
Gozag
Hepliaklqana
Kikubaaqudgha
Makhleb
Nemelex Xobeh
Okawaru
Qazlal
Ru
Sif Muna
Trog
Uskayaw
Vehumet
Wu Jian
Xom
Yredelemnul
Zin
The Shining One

Shops:
D:2 (   D:4 (=:[:   D:9 [

Annotations:
D:2 psuckher's ghost, amateur DrFi
D:3 1 runed translucent door
D:9 3 runed translucent doors, 1 transporter, Pooter's ghost, novice MiFi; SirDiesAlot's ghost, novice DjCj


Innate Abilities, Weirdness & Mutations

You are small and have problems with some larger weapons.
You are completely attuned to the shadows.


Message History

You're too confused to move!
The vampire hits you but does no damage.
The vampire barely misses you.
You hit the vampire.
The vampire is almost destroyed.
You feel less confused. The vampire completely misses you.
The vampire bites you but does no damage.
You hit the vampire.
The vampire is almost destroyed.
The vampire misses you. The vampire bites you!
* * * LOW HITPOINT WARNING * * *
The vampire draws strength from your injuries!
You hit the vampire but do no damage.
The vampire is heavily damaged.
The vampire hits you!
* * * LOW HITPOINT WARNING * * *
The vampire completely misses you.
You feel better. The vampire hits you.
* * * LOW HITPOINT WARNING * * *
The vampire bites you.
* * * LOW HITPOINT WARNING * * *
The vampire draws strength from your injuries!
Okay, then.
Okay, then.
You feel very mighty all of a sudden.
The vampire hits you but does no damage.
The vampire bites you but does no damage.
You feel protected.
The gnoll shouts!
The vampire hits you but does no damage.
The vampire bites you but does no damage.
You barely miss the vampire.
The vampire is heavily damaged.
The gnoll closely misses you. The vampire barely misses you.
The vampire bites you but does no damage.
You hit the vampire.
The vampire is heavily damaged.
The gnoll hits you from afar with a +0 halberd!
You die...

######## ###......#
.........
#.'......#
.........
#.#......#
.........
#.#......#
.........
#.#...V..# ...Z.#
.........
##.#....####......#
......... ...+..###
#......# #......#
..#.#..# #......#
#.#.#.##


You could see a vampire and a gnoll.

Vanquished Creatures
  A two-headed ogre (D:8)
  Grinder (D:5)
  Sigmund (D:2)
  A human (D:10)
  A wyvern (D:9)
  A steam dragon (D:7)
  4 yaks (D:9)
  A warg (D:10)
  Menkaure (D:5)
  4 orc warriors
  An ice beast (D:7)
  2 black bears (D:8)
  2 necrophages
  2 ogres
  4 centaurs
  A phantom (D:7)
  2 bullfrogs
  A gnoll sergeant (D:10)
  5 scorpions
  2 wyvern skeletons
  4 killer bees (D:9)
  8 howler monkeys
  A bullfrog zombie (D:5)
  7 centaur zombies
  A hound (D:6)
  3 centaur skeletons
  13 orc priests
  8 orc wizards
  A statue (D:7)
  2 killer bee zombies
  A hound skeleton (D:2)
  A killer bee simulacrum (D:9)
  2 howler monkey zombies
  6 gnolls
  2 howler monkey skeletons
  9 adders
  2 ufetubi
  2 worms
  32 orcs
  5 ball pythons
  8 endoplasms
  3 giant cockroaches
  13 goblins
  9 hobgoblins
  3 jackals (D:2)
  7 quokkas
  4 bats
  7 kobolds
  3 rats
205 creatures vanquished.

Notes
Turn   | Place    | Note
-------+----------+-------------------------------------------
     0 | D:1      | buddhastalin the Kobold Fighter began the quest for the
                  | Orb.
     0 | D:1      | Reached XP level 1. HP: 14/14 MP: 1/1
   165 | D:1      | Reached XP level 2. HP: 18/19 MP: 2/2
   334 | D:1      | Found a faded altar of an unknown god.
   672 | D:1      | Reached XP level 3. HP: 23/23 MP: 3/3
  1064 | D:2      | Found a shadowy altar of Dithmenos.
  1080 | D:2      | Noticed Sigmund
  1093 | D:2      | Killed Sigmund
  1094 | D:2      | Reached skill level 5 in Short Blades
  1094 | D:2      | Reached XP level 4. HP: 22/29 MP: 4/4
  1094 | D:2      | Reached XP level 5. HP: 25/33 MP: 5/5
  1094 | D:2      | Reached XP level 6. HP: 29/38 MP: 6/6
  1602 | D:2      | Found Gigoess's Antique Weapon Emporium.
  1854 | D:3      | Found a runed translucent door.
  2501 | D:3      | Reached XP level 7. HP: 27/44 MP: 7/7
  3115 | D:3      | Found a stormy altar of Qazlal.
  3669 | D:3      | Found a runed translucent door.
  3696 | D:3      | Noticed psuckher's ghost (amateur DrFi)
  4000 | D:3      | Identified a scroll of acquirement
  4000 | D:3      | Acquired a +4 demon trident of freezing
  4197 | D:4      | Found Avecys's Book Shoppe.
  4261 | D:4      | Reached skill level 1 in Polearms
  4361 | D:4      | Reached skill level 5 in Fighting
  4792 | D:4      | Found Xyrhoy's Book Emporium.
  4804 | D:4      | Found Guutou's Armour Emporium.
  4828 | D:4      | Found Darituic's Weapon Emporium.
  4853 | D:4      | Found Ebutuy's Jewellery Shoppe.
  4960 | D:4      | Reached XP level 8. HP: 49/49 MP: 8/8
  5345 | D:5      | Entered Level 5 of the Dungeon
  5537 | D:5      | Found a staircase to the Ecumenical Temple.
  5560 | Temple   | Entered the Ecumenical Temple
  5871 | D:5      | Found a hazy altar of Hepliaklqana.
  6126 | D:5      | Noticed Grinder
  6136 | D:5      | Paralysed by Grinder for 2 turns
  6143 | D:5      | Killed Grinder
  6222 | D:5      | Noticed Menkaure
  6229 | D:5      | Killed Menkaure
  6716 | D:5      | Found a shimmering blue altar of Sif Muna.
  6759 | D:5      | Found an ornate altar of the Wu Jian Council.
  6882 | D:6      | Reached XP level 9. HP: 56/56 MP: 9/9
  7051 | D:6      | Reached skill level 5 in Armour
  7327 | D:6      | Reached skill level 5 in Polearms
  7354 | D:6      | Found Velit Hesed's Book Shop.
  8335 | D:7      | Found a radiant altar of Vehumet.
  8438 | D:7      | Found a snail-covered altar of Cheibriados.
  8562 | D:7      | Found a burning altar of Makhleb.
  8949 | D:7      | Became a worshipper of Makhleb the Destroyer
  8977 | D:8      | Found a bloodstained altar of Trog.
  9203 | D:8      | Reached skill level 1 in Invocations
  9206 | D:8      | Reached XP level 10. HP: 63/63 MP: 10/10
  9375 | D:8      | Noticed a two-headed ogre
  9387 | D:8      | Killed a two-headed ogre
  9416 | D:8      | Reached * piety under Makhleb
 10382 | D:8      | Found a glowing golden altar of the Shining One.
 10382 | D:8      | Found a white marble altar of Elyvilon.
 10382 | D:8      | Found a glowing silver altar of Zin.
 10701 | D:9      | Found a runed translucent gate.
 10702 | D:9      | Found a runed translucent gate.
 10702 | D:9      | Noticed Pooter's ghost (novice MiFi)
 10703 | D:9      | Found a runed translucent gate.
 10704 | D:9      | Found a basalt altar of Yredelemnul.
 10813 | D:9      | Found an iron altar of Okawaru.
 10903 | D:9      | Found a transporter.
 10906 | D:9      | Noticed a two-headed ogre
 10906 | D:9      | Noticed SirDiesAlot's ghost (novice DjCj)
 10907 | D:9      | Noticed a two-headed ogre
 10908 | D:9      | Noticed a two-headed ogre
 10910 | D:9      | Noticed a two-headed ogre
 10911 | D:9      | Noticed a two-headed ogre
 10960 | D:9      | Found Xikk's Armour Shoppe.
 10964 | D:9      | Bought a +1 cloak of preservation for 198 gold pieces
 11998 | D:10     | Entered Level 10 of the Dungeon
 12000 | D:10     | Reached XP level 11. HP: 69/69 MP: 14/14
 12372 | D:10     | Slain by a gnoll

Illustrated notes

Levels and vault maps discovered:
D:1:      eino_arrival_water_cross, layout_basic, serial_glass, glass_columns_c,
          glass_columns_c, shapermc_ecumenical_altar_ellora
D:2:      layout_rooms, basic_altar, serial_shops, shop,
          kennysheep_cluttered_room, uniq_sigmund
D:3:      cheibrodos_greedy_goblins, layout_basic,
          nicolae_qazlal_general_emergency, ebering_ghost_sewer_f
D:4:      layout_loops_ring, serial_shops, nicolae_shop_waterfront, shop,
          shop_coins, nicolae_shop_behind_doors, nicolae_shop_waterfront
D:5:      layout_basic, marbit_many_paths, mainiacjoe_overflow_tiny_flanked,
          nicolae_sif_muna_little_library, minmay_temple_entry_glass,
          uniq_grinder, uniq_menkaure
D:6:      layout_basic, serial_shops, shop
D:7:      layout_cave_pools, mainiacjoe_overflow_brackets, vehumet_statue,
          amcnicky_altar_gilded
D:8:      layout_basic, good_gods_mini_temple, trog_ov_bears_minmay
D:9:      layout_loops_ring, nicolae_yredelemnul_ghost_church,
          lemuel_round_altar, serial_rivers, chequers_serial_rivers_micro_a,
          chequers_serial_rivers_micro_b, chequers_serial_rivers_micro_b,
          chequers_serial_rivers_marsh, chequers_serial_rivers_micro_e,
          serial_shops, nicolae_diamond_shop, gammafunk_ghost_smash,
          hangedman_weighted_door
D:10:     layout_roguey, erik_orc_4, serial_glass, glass_columns_a,
          glass_columns_a, glass_columns_a, glass_columns_a, glass_columns_b,
          glass_columns_b
Temple:   grunt_temple_mini_profane

Skill      XL: |  1  2  3  4  5  6  7  8  9 10 11 |
---------------+----------------------------------+-----
Short Blades   | 3 5 6 |  6.2
Fighting       | 4 5 6 7 8 |  8.9
Armour         | 3 4 5 6 |  6.8
Shields        | 3 |  3.5
Polearms       | 2 4 6 7 8 |  8.1
Invocations    | 1 4 |  4.5

Action                   |  1- 3 |  4- 6 |  7- 9 | 10-12 || total
-------------------------+-------+-------+-------+-------++-------
Melee: Rapier            |    75 |   113 |    85 |       ||   273
       Demon trident     |       |       |   215 |   244 ||   459
  Use: Potion            |     1 |     1 |     2 |     4 ||     8
       Scroll            |       |       |    11 |     3 ||    14
 Stab: Sleeping          |     1 |       |    13 |     1 ||    15
       Distracted        |       |       |     3 |     3 ||     6
Armor: Scale mail        |    25 |    33 |    16 |       ||    74
       Skin              |       |    15 |       |       ||    15
       Ring mail         |       |       |   112 |   131 ||   243
Dodge: Dodged            |    45 |    33 |   126 |   133 ||   337
Block: Buckler           |    32 |    25 |    21 |       ||    78

Table legend: (Time is in decaauts)
 A = Elapsed time spent in this place.
 B = Non-inter-level travel time spent in this place.
 C = Inter-level travel time spent in this place.
 D = Time resting spent in this place.
 E = Time spent auto-exploring this place.
 F = Levels seen in this place.
 G = Mean time per level.
                   A        B        C        D        E       F      G
               +--------+--------+--------+--------+--------+-----+--------+
         Total |  12379 |  12053 |    326 |   3192 |   7082 |  11 | 1125.4 |
       Dungeon |  12169 |  11846 |    323 |   3192 |   6877 |  10 | 1216.9 |
        Temple |    210 |    207 |      3 |      0 |    205 |   1 |  210.0 |
               +--------+--------+--------+--------+--------+-----+--------+

Top non-repeatable levels by time:
     D:3: 2299 daAuts
     D:8: 1676 daAuts
     D:9: 1378 daAuts
     D:5: 1267 daAuts
     D:7: 1182 daAuts
     D:4: 1159 daAuts
     D:6: 973 daAuts
     D:2: 971 daAuts
     D:1: 933 daAuts
    D:10: 327 daAuts
  Temple: 210 daAuts
